 Dungeon Crawl Stone Soup version 0.29-a0-563-g64e4043184 (webtiles) character file.

Game seed: 11720953022378291103

133 Foxy the Chopper (level 4, -6/44 HPs)
             Began as a Troll Gladiator on June 11, 2022.
             Mangled by a hornet (13 damage)
             ... on level 4 of the Dungeon.
             The game lasted 00:02:39 (2104 turns).

Foxy the Chopper (Troll Gladiator)                  Turns: 2104, Time: 00:02:39

Health: -6/44      AC:  4    Str: 24    XL:     4   Next: 94%
Magic:  3/3        EV: 10    Int:  4    God:
Gold:   131        SH:  0    Dex: 11    Spells: 3/3 levels left

rFire   + . .      SeeInvis .   a - +0 war axe
rCold   + . .      Faith    .   (no shield)
rNeg    . . .      Spirit   .   b - +0 robe
rPois   .          Reflect  .   c - +0 hat
rElec   .          Harm     .   (no cloak)
rCorr   .          Rampage  .   (gloves unavailable)
Will    .....                   (boots unavailable)
Stlth   +.........              h - amulet of the acrobat
HPRegen 0.94/turn               g - ring of protection from fire
MPRegen 0.08/turn               o - ring of protection from cold

@: lethally poisoned (-6 -> -7)
A: large, unfitting armour, claws 3, regeneration 1, shaggy fur 1, tough skin 1
a: no special abilities


You were on level 4 of the Dungeon.
You visited 1 branch of the dungeon, and saw 4 of its levels.

You collected 131 gold pieces.

Inventory:

Hand Weapons
 a - a +0 war axe (weapon)
 v - a +2 club
 w - a +2 quarterstaff of speed
Missiles
 e - a large rock (quivered)
Armour
 b - a +0 robe (worn)
 c - a +0 hat (worn)
Jewellery
 g - a ring of protection from fire (left claw)
 h - an amulet of the acrobat (around neck)
 n - the ring "Kanagipp" {Int+4 SInv}
   (You found it on level 2 of the Dungeon)

   [ring of see invisible]

   Int:       It affects your intelligence (+4).
   SInv:      It lets you see invisible.
 o - a ring of protection from cold (right claw)
Scrolls
 f - 3 scrolls of identify {unknown}
 k - a scroll of silence {unknown}
 p - a scroll of noise {unknown}
 q - 2 scrolls of magic mapping {unknown}
 s - a scroll of fear {unknown}
 t - a scroll of vulnerability {unknown}
 x - a scroll of teleportation {unknown}
 y - a scroll of blinking {unknown}
Potions
 i - a potion of heal wounds {unknown}
 j - a potion of might {unknown}
 l - a potion of haste {unknown}
 m - a potion of resistance {unknown}
 r - 3 potions of flight {unknown}
 u - a potion of cancellation {unknown}


   Skills:
 + Level 2.4 Fighting
 - Level 3.7 Axes
 * Level 0.1 Staves
 - Level 1.7 Throwing
 + Level 3.1 Dodging


You had 3 spell levels left.
You didn't know any spells.
Your spell library contained the following spells:

 Spells                   Type           Power      Damage    Failure   Level
 Gell's Gravitas          Tloc           0%         N/A       86%         3
 Teleport Other           Tloc           0%         N/A       86%         3
 Dispersal                Tloc           0%         N/A       100%        6


Dungeon Overview and Level Annotations

Branches:
Dungeon (4/15)
 Temple: D:4-7

Altars:
Zin

Annotations:
D:4 Blork the orc


Innate Abilities, Weirdness & Mutations

You are too large for most types of armour.
You have claws for hands.
Your natural rate of healing is unusually fast.
You are covered in fur. (AC +1)
You have tough skin. (AC +1)


Message History

You miss the hornet. The hornet stings you.
You shrug off the repeated paralysis!
The hornet stings you!
You are poisoned.
You feel yourself slow down.
You miss the hornet.
You feel yourself speed up.
You feel very sick. The hornet closely misses you. The hornet stings you.
You are more poisoned.
You feel yourself slow down. The hornet barely misses you.
The hornet closely misses you.
Throw: 2 throwing nets
Press: ? - help, Q - select action, (/) - cycle Shift-Dir - straight line, f/p - hornet
Aim: a hornet (39% to hit)
You throw a throwing net. The throwing net hits the hornet.
The hornet is caught in the net!
You feel very sick.
The hornet struggles against the net. x2
You hit the hornet.
The hornet is lightly wounded.
You feel yourself speed up.
You feel very sick.
The hornet struggles against the net. x3
The net rips apart, and the hornet comes free!
Throw: throwing net
Press: ? - help, Q - select action, (/) - cycle Shift-Dir - straight line, f/p - hornet
Aim: a hornet (lightly wounded, 39% to hit)
You throw a throwing net. The throwing net hits the hornet.
The hornet is caught in the net!
The hornet is lightly wounded.
You feel sick.
The hornet struggles against the net.
You hit the hornet.
The hornet is moderately wounded.
You feel sick.
The hornet struggles against the net. x2
You barely miss the hornet.
The hornet is moderately wounded.
You feel sick.
The hornet struggles against the net.
The net rips apart, and the hornet comes free!
The hornet stings you!
You die...

#.# #.# #.# #.#
.####.############
.................#
###...##########.#
#.......# #.#
........# #@#
#.......# #y###
###....## #...####
#..[.# ###....#
##.#.# #....#
####.#.#
###....####
.....#.#
#.........#
######.#
#.........# # #.#
#..........


You could see a hornet.

Vanquished Creatures
  Jessica (D:3)
  5 adders
  A dart slug (D:2)
  2 orcs
  5 bats
  6 endoplasms
  A giant cockroach (D:2)
  3 goblins
  4 hobgoblins
  3 jackals
  4 quokkas
  5 ball pythons
  4 frilled lizards
  7 kobolds
  7 rats
58 creatures vanquished.

Notes
Turn   | Place    | Note
-------+----------+-------------------------------------------
     0 | D:1      | Foxy the Troll Gladiator began the quest for the Orb.
     0 | D:1      | Reached XP level 1. HP: 19/19 MP: 0/0
   295 | D:1      | Reached XP level 2. HP: 28/28 MP: 1/1
   882 | D:2      | Reached XP level 3. HP: 29/35 MP: 2/2
  1131 | D:2      | Reached XP level 4. HP: 42/42 MP: 3/3
  1227 | D:2      | Found a faded altar of an unknown god.
  1253 | D:2      | Identified the ring "Kanagipp" {Int+4 SInv}
  1734 | D:3      | Noticed Jessica
  1742 | D:3      | Killed Jessica
  1891 | D:4      | Noticed Blork the orc
  2005 | D:4      | Found a glowing silver altar of Zin.
  2084 | D:4      | Noticed a hornet
  2097 | D:4      | Paralysed by a hornet for 1 turns
  2104 | D:4      | Mangled by a hornet

Illustrated notes

Levels and vault maps discovered:
D:1:      kilobyte_arrival_exit_the_forest, layout_loops_ring
D:2:      layout_basic, shapermc_ecumenical_altar_starsandcircs
D:3:      layout_rooms, uniq_jessica
D:4:      layout_loops_ring, mainiacjoe_overflow_alcove_1, grunt_gozag_statues,
          hangedman_abyss_or_decor_passed, uniq_blork_the_orc

Skill      XL: |  1  2  3  4 |
---------------+-------------+-----
Axes           | 3 |  3.7
Fighting       | 2 |  2.4
Dodging        | 3 |  3.1
Staves         | |  0.1
Throwing       | |  1.7

Action                   |  1- 3 |  4- 6 || total
-------------------------+-------+-------++-------
Melee: War axe           |    94 |    56 ||   150
       Punch             |     2 |     1 ||     3
       Quarterstaff      |       |     5 ||     5
Throw: Throwing net      |       |     3 ||     3
Armor: Robe              |    41 |    17 ||    58
Dodge: Dodged            |    74 |    58 ||   132

Table legend: (Time is in decaauts)
 A = Elapsed time spent in this place.
 B = Non-inter-level travel time spent in this place.
 C = Inter-level travel time spent in this place.
 D = Time resting spent in this place.
 E = Time spent auto-exploring this place.
 F = Levels seen in this place.
 G = Mean time per level.
                   A        B        C        D        E       F      G
               +--------+--------+--------+--------+--------+-----+--------+
         Total |   2157 |   2065 |     92 |     14 |   1590 |   4 |  539.2 |
       Dungeon |   2157 |   2065 |     92 |     14 |   1590 |   4 |  539.2 |
               +--------+--------+--------+--------+--------+-----+--------+

Top non-repeatable levels by time:
     D:1: 795 daAuts
     D:2: 706 daAuts
     D:3: 502 daAuts
     D:4: 153 daAuts
